 Dungeon Crawl Stone Soup version 0.30-a0-459-g9104f0fc43 (webtiles) character file.

Game seed: 14225467215588161769

13 LnG the Caller (level 2, -2/16 HPs)
             Began as a Kobold Summoner on Dec 15, 2022.
             Succumbed to a kobold's poison
             ... on level 1 of the Dungeon.
             The game lasted 00:03:40 (575 turns).

LnG the Caller (Kobold Summoner)                     Turns: 575, Time: 00:03:40

Health: -2/16      AC:  2    Str:  5    XL:     2   Next: 50%
Magic:  3/5        EV: 15    Int: 16    God:
Gold:   37         SH:  0    Dex: 15    Spells: 3/6 levels left

rFire   . . .      SeeInvis .    (weapon restricted)
rCold   . . .      Faith    .    (no shield)
rNeg    . . .      Spirit   .    a - +0 robe
rPois   .          Reflect  .    (no helmet)
rElec   .          Harm     .    (no cloak)
rCorr   .          Rampage  .    (no gloves)
Will    .....                    (no boots)
Stlth   +++.......               (no amulet)
HPRegen 0.22/turn                (no ring)
MPRegen 0.09/turn                (no ring)

@: lethally poisoned (-2 -> -14), about to teleport
A: small, no large weapons, nightstalker 3
a: no special abilities


You were on level 1 of the Dungeon.
You visited 1 branch of the dungeon, and saw 1 of its levels.

You collected 37 gold pieces.

Inventory:

Armour
 a - a +0 robe (worn)
Potions
 b - a potion of magic


   Skills:
 + Level 0.4 Fighting
 * Level 2.5 Dodging
 * Level 2.7 Stealth
 + Level 2.5 Spellcasting
 + Level 4.2 Summonings


You had 3 spell levels left.
You knew the following spells:

 Your Spells              Type           Power      Damage    Failure   Level
a - Summon Small Mammal   Summ           60%        N/A       3%          1
b - Call Imp              Summ           15%        N/A       5%          2

Your spell library contained the following spells:

 Spells                   Type           Power      Damage    Failure   Level
 Call Canine Familiar     Summ           15%        N/A       11%         3
 Summon Guardian Golem    Hex/Summ       8%         N/A       26%         3
 Summon Lightning Spire   Summ/Air       8%         N/A       63%         4


Dungeon Overview and Level Annotations

Branches:
Dungeon (1/15)

Altars:


Innate Abilities, Weirdness & Mutations

You are small and have problems with some larger weapons.
You are completely attuned to the shadows.


Message History

Your bat hits the bat but does no damage.
The bat hits your bat but does no damage.
The bat barely misses your quokka.
You hit the kobold.
The kobold is moderately wounded.
Your bat misses the bat. The bat hits you but does no damage.
The bat completely misses you.
Your quokka barely misses the bat.
The kobold completely misses you. The bat hits your quokka.
Your bat hits the bat. You hit the kobold but do no damage.
The kobold is moderately wounded.
Your bat hits the bat.
The bat hits your bat but does no damage.
Your bat closely misses the bat.
The bat closely misses your bat.
Your quokka barely misses the bat.
The kobold hits you with a +1 dagger of venom.
You are poisoned.
You hit the kobold.
The kobold is severely wounded.
You feel very sick. The bat barely misses you.
Your bat barely misses the bat.
Your quokka bites the bat.
The bat dies!
The kobold hits you with a +1 dagger of venom.
You are more poisoned.
* * * LOW HITPOINT WARNING * * *
You feel very sick.
Your bat barely misses the kobold.
Your quokka closely misses the kobold.
The kobold barely misses your quokka.
As you read the scroll labelled YNTUEDAWUN, it crumbles to dust.
You feel strangely unstable.
It was a scroll of teleportation.
* * * LOW HITPOINT WARNING * * *
You feel very sick.
Your bat closely misses the kobold.
Your quokka barely misses the kobold.
The kobold hits your quokka with a +1 dagger of venom.
Your quokka is poisoned.
As you read the scroll labelled POAXZIMUEL, it crumbles to dust.
It is a scroll of identify.
You don't have any unidentified items.
You die...

.#.########.##....#
...# #..'....#
.#############....#
.####......###....#
.÷.........#......#
..##.......##.....##
####.......#.......#
###.......#..b....#
#.........#..Kr@..#
#.........#...†...#
#.....#####.......#
##>....# #.......#
.......# ########
...>...# .......#
.......# .....###


You could see a kobold (ally target), a friendly quokka (summoned, very
poisoned) and a friendly bat (summoned).

Vanquished Creatures
  A hobgoblin (D:1)
  A quokka (D:1)
2 creatures vanquished.

Vanquished Creatures (collateral kills)
  A goblin (D:1)
  3 jackals (D:1)
  A kobold (D:1)
  2 quokkas (D:1)
  A bat (D:1)
8 creatures vanquished.

Vanquished Creatures (others)
  A plant (D:1)
1 creature vanquished.

Grand Total: 11 creatures vanquished

Notes
Turn   | Place    | Note
-------+----------+-------------------------------------------
     0 | D:1      | LnG the Kobold Summoner began the quest for the Orb.
     0 | D:1      | Reached XP level 1. HP: 10/10 MP: 3/3
   156 | D:1      | Reached XP level 2. HP: 5/15 MP: 0/5
   159 | D:1      | Learned a level 2 spell: Call Imp
   575 | D:1      | Succumbed to a kobold's poison

Illustrated notes

Levels and vault maps discovered:
D:1:      evilmike_arrival_plus, layout_basic

Action                   || total
-------------------------++-------
Melee: Unarmed           ||    27
 Cast: Summon Small Mamm ||    22
  Use: Scroll            ||     2
Armor: Robe              ||     7
Dodge: Dodged            ||    44

Table legend: (Time is in decaauts)
 A = Elapsed time spent in this place.
 B = Non-inter-level travel time spent in this place.
 C = Inter-level travel time spent in this place.
 D = Time resting spent in this place.
 E = Time spent auto-exploring this place.
 F = Levels seen in this place.
 G = Mean time per level.
                   A        B        C        D        E       F      G
               +--------+--------+--------+--------+--------+-----+--------+
         Total |    575 |    569 |      6 |      0 |    416 |   1 |  575.0 |
       Dungeon |    575 |    569 |      6 |      0 |    416 |   1 |  575.0 |
               +--------+--------+--------+--------+--------+-----+--------+

Top non-repeatable levels by time:
     D:1: 575 daAuts
